 Dungeon Crawl Stone Soup version 0.19.1 (webtiles) character file.

208760 lorenzova the Eclecticist (level 18, -1/85 HPs)
             Began as a Deep Elf Conjurer on Dec 12, 2016.
             Was the Champion of Vehumet.
             Slain by a tarantella (9 damage)
             ... on level 2 of the Spider Nest on Dec 13, 2016.
             The game lasted 02:53:57 (44757 turns).

lorenzova the Eclecticist (Deep Elf Conjurer)      Turns: 44757, Time: 02:53:59

Health: -1/85      AC:  6    Str:  5    XL:     18   Next: 51%
Magic:  45/68      EV: 17    Int: 44    God:    Vehumet [******]
Gold:   1239       SH:  0    Dex: 18    Spells: 11 memorised, 6 levels left

rFire  + + +     SeeInvis +     G - staff of power
rCold  . . .     Gourm    .     a - +2 leather armour {rPois}
rNeg   . . .     Faith    .     g - +2 buckler
rPois  +         Spirit   .     (helmet restricted)
rElec  +         Reflect  +     O - +0 cloak
rCorr  .         Harm     .     A - +1 pair of gloves {Dex+3}
MR     ++...                    d - +0 pair of boots "Tuplateh" {rF+ Int+4}
Stlth  +.........               z - amulet "Giask" {Reflect rElec Int+5 SH+3}
                                T - ring "Ibieblow" {*Corrode rF+++ MR+ Int+6 SInv}
                                i - ring of magical power

@: confused, corroded, very slightly contaminated, starving, repel missiles
A: antennae 1
a: Renounce Religion


You were on level 2 of the Spider Nest.
You worshipped Vehumet.
Vehumet was exalted by your worship.
You were starving.

You visited 6 branches of the dungeon, and saw 31 of its levels.
You visited 1 bazaar.
You also visited: Labyrinth, Ice Cave and Volcano.

You collected 4150 gold pieces.
You spent 2911 gold pieces at shops.

Inventory:

Armour
 a - a +2 leather armour of poison resistance (worn)
 d - the +0 pair of boots "Tuplateh" (worn) {rF+ Int+4}
   (You bought it in a shop on level 2 of the Orcish Mines)

   It affects your intelligence (+4).
   It protects you from fire.
 g - a +2 buckler (worn)
 A - a +1 pair of gloves of dexterity (worn)
 B - the +4 steam dragon scales "Qaevorok" {Int+2}
   (You took it off a deep elf demonologist on level 3 of the Elven Halls)

   It affects your intelligence (+2).
 O - a +0 cloak (worn)
Magical Staves
 t - an uncursed staff of cold
 G - an uncursed staff of power (weapon)
 R - an uncursed staff of wizardry
Jewellery
 i - a ring of magical power (left hand)
 l - an uncursed ring of fire {unknown}
 z - the amulet "Giask" (around neck) {Reflect rElec Int+5 SH+3}
   (You found it in an ice cave)

   [amulet of reflection]

   It shields you and reflects attacks.
   It affects your intelligence (+5).
   It insulates you from electricity.
   It affects your SH (+3).
 L - an uncursed ring of wizardry
 M - the ring of Qepniptu {rN+ Int+3 SInv}
   (You found it on level 3 of the Elven Halls)

   [ring of see invisible]

   It affects your intelligence (+3).
   It protects you from negative energy.
   It lets you see invisible.
 T - the ring "Ibieblow" (right hand) {*Corrode rF+++ MR+ Int+6 SInv}
   (You bought it in a shop in a bazaar)

   [ring of intelligence]

   It affects your intelligence (+6).
   It renders you almost immune to fire.
   It affects your resistance to hostile enchantments.
   It lets you see invisible.
   It may corrode you when you take damage.
Wands
 K - a wand of disintegration (11/24)
 S - a wand of digging (18/24)
Scrolls
 b - a scroll of silence
 f - 3 scrolls of teleportation
 j - 9 scrolls of remove curse
 k - 5 scrolls of fear
 m - 5 scrolls of identify
 p - a scroll of summoning {unknown}
 r - 4 scrolls of amnesia
 u - 9 scrolls of enchant armour
 y - 4 scrolls of noise {unknown}
 I - 5 scrolls of magic mapping
 J - a scroll of blinking
 N - 2 scrolls of torment {unknown}
 P - 2 scrolls of fog
 V - a scroll of holy word {unknown}
 Y - a scroll of recharging
Potions
 e - 15 potions of curing
 n - 2 potions of agility
 o - 7 potions of heal wounds
 q - a potion of cure mutation
 s - 3 potions of resistance
 w - 2 potions of flight
 F - 5 potions of haste
 W - 2 potions of magic
Books
 x - a book of the Sky

   Spells                             Type                      Level
   a - Summon Lightning Spire         Summoning/Air                4
   b - Airstrike                      Air                          4
   c - Silence                        Hexes/Air                    5
   d - Deflect Missiles               Charms/Air                   6
   e - Conjure Ball Lightning         Conjuration/Air              6
   f - Tornado                        Air                          9
Miscellaneous
 v - a phial of floods
Comestibles
 c - 15 bread rations
 h - a meat ration


   Skills:
 - Level 7.0 Armour
 - Level 8.3 Dodging
 - Level 5.2 Stealth
 - Level 4.1 Shields
 * Level 20.7 Spellcasting
 * Level 18.1 Conjurations
 - Level 8.5 Charms
 - Level 2.5 Translocations
 * Level 13.8 Fire Magic
 - Level 7.0 Ice Magic
 - Level 14.4 Air Magic


You had 6 spell levels left.
You knew the following spells:

 Your Spells              Type           Power        Failure   Level  Hunger
a - Magic Dart            Conj           ####         0%          1    None
b - Iskenderun's Battles  Conj/Chrm      ########     1%          5    None
c - Iskenderun's Mystic   Conj           ########     0%          4    None
d - Freezing Cloud        Conj/Ice/Air   ########..   1%          6    None
f - Fireball              Conj/Fire      ########..   1%          5    None
h - Repel Missiles        Chrm/Air       ######       0%          2    None
i - Passage of Golubria   Tloc           N/A          2%          4    None
l - Chain Lightning       Conj/Air       ########..   1%          8    None
n - Bolt of Cold          Conj/Ice       ########..   1%          6    None
p - Blink                 Tloc           N/A          1%          2    None
v - Fire Storm            Conj/Fire      ########..   28%         9    ###....


Dungeon Overview and Level Annotations

Branches:
Dungeon (15/15)            Temple (0/1) D:6            Lair (6/6) D:11
 Shoals (3/4) Lair:2       Spider (2/4) Lair:4        Slime (0/5) Lair:6
    Orc (2/2) D:12            Elf (3/3) Orc:2        Vaults (0/5) D:13
 Depths (0/5) D:15

Altars:
Ashenzari
Hepliaklqana
Sif Muna
Uskayaw
Vehumet
Xom
The Shining One
Jiyva

Shops:
D:4 %%[=   D:8 =   D:11 :   D:12 [   Orc:2 [((!   Elf:2 !   Shoals:1 (
Shoals:2 *

Annotations:
Shoals:3 azzavlup's ghost, adept OgGl


Innate Abilities, Weirdness & Mutations

You have a pair of small antennae on your head.


Message History

Casting: Blink
Confirm with . or Enter, or press ? or * to list all spells.
You miscast Chain Lightning.
You are very lightly contaminated with residual magic.
You are momentarily dazzled by a flash of light!
You are starving!
The tarantella bites you.
* * * LOW HITPOINT WARNING * * *
You are confused.
The tarantella closely misses you.
A redback comes into view.
You're too confused to cast spells.
You bump into the rock wall.
The demonic crawler hits you!
* * * LOW HITPOINT WARNING * * *
The demonic crawler hits you.
* * * LOW HITPOINT WARNING * * *
The demonic crawler hits you!
* * * LOW HITPOINT WARNING * * *
The tarantella bites you!
You die...

##<.#..#.#..##..#. .
#...#..######..##^ ..#
#####..## ###...##
#...##.#.s...# #...####
#.........#.# ##...#..
^#....*#######....#..
#####..#####.##.###..
#.#s..##.#.#..###.#.. ##
###.ss@###.............
....#..§.#.#.......#.....#.
.^....†.####..###..#####.##
####..#..#......##....####.
.....#..........#...####..
#.^s.##...####.#^#.#...###.
####. ###...[#######>.###..
.. #.....#....##...#### ..
##..###.......###.##


You could see a demonic crawler, a wolf spider, a tarantella, 2 redbacks and a
friendly battlesphere.

Vanquished Creatures
  Jorgrun (Shoals:3)
  2 deep elf blademasters (Elf:3)
  A deep elf master archer (Elf:3)
  5 deep elf sorcerers
  A ghost moth (Spider:2)
  6 deep elf elementalists
  5 deep elf demonologists (Elf:3)
  5 deep elf annihilators (Elf:3)
  An ettin (D:15)
  A merfolk javelineer (Shoals:2)
  The ghost of XO4YCPATb the Eclecticist, a journeyman DEIE of Kikubaaqudgha (Orc:2)
  A minotaur (Lab)
  3 deep elf high priests (Elf:3)
  Josephine (Lair:6)
  4 deep elf death magi (Elf:3)
  5 merfolk impalers
  4 vault guards (D:13)
  Harold (Lair:4)
  2 ice dragons (IceCv)
  The ghost of azzavlup the Spear-Bearer, a journeyman MfIE of Yredelemnul (Volcano)
  Erolcha (Orc:1)
  12 hydras
  2 catoblepae
  6 centaur warriors
  2 merfolk avatars
  4 satyrs
  A merfolk aquamancer (Shoals:3)
  10 dancing weapons
  A tengu warrior (D:15)
  20 deep elf knights
  A fire crab (Volcano)
  An unseen horror (D:11)
  4 sea snakes
  A deep troll (D:15)
  12 deep elf archers
  A flayed ghost (D:14)
  Pikel (D:9)
  A wizard (Elf:1)
  A lindwurm (Volcano)
  3 orc knights
  7 wolf spiders
  9 hill giants
  The ghost of Philosophy the Chopper, a novice VSFi (D:7)
  An orc sorcerer (Orc:2)
  4 orb spiders
  7 harpies
  16 fauns
  12 ugly things
  53 deep elf magi
  4 cyclopes
  6 manticores
  13 elephants
  9 sirens
  Joseph (D:10)
  4 black mambas
  2 ice statues (IceCv)
  4 water nymphs
  A gargoyle (D:11)
  13 spiny frogs
  2 molten gargoyles (Volcano)
  2 freezing wraiths
  10 demonic crawlers
  6 komodo dragons
  A kobold demonologist (D:12)
  9 rime drakes
  A yaktaur (D:15)
  A redback zombie (D:15)
  2 tengu conjurers
  12 merfolk
  9 trolls
  2 hornets (Spider:2)
  A polar bear (Lair:3)
  5 wind drakes
  19 jumping spiders
  2 two-headed ogres (D:12)
  A slime creature (D:13)
  21 blink frogs
  17 hippogriffs
  6 snapping turtles
  11 dream sheep
  2 meliai zombies
  An air elemental (Elf:1)
  10 tarantellas
  A spriggan (D:7)
  4 water elementals
  12 wyverns
  20 redbacks
  3 fire elementals
  8 basilisks
  5 wraiths (Lair:6)
  49 yaks
  2 vampires
  5 fire bats (Volcano)
  3 steam dragons
  5 vampire mosquitoes
  6 hungry ghosts
  A warg (Orc:2)
  A mottled dragon (D:13)
  A soldier ant (D:10)
  12 water moccasins
  2 hell hounds
  Duvessa (D:7)
  10 porcupines
  15 ice beasts
  5 sky beasts
  37 orc warriors
  2 phantoms
  A black bear (Lair:2)
  A slave (D:9)
  A necrophage (D:10)
  A boggart (Elf:1)
  11 ogres
  21 centaurs
  14 wolves
  The ghost of TheWoodenMan the Slasher, an amateur HEFi (D:3)
  7 crocodiles
  A big kobold (D:11)
  19 bullfrogs
  4 earth elementals
  A water moccasin zombie (D:10)
  A wyvern zombie (D:12)
  A wyvern skeleton (D:15)
  8 scorpions
  Dowan (D:7)
  5 killer bees (D:13)
  22 wights
  4 howler monkeys
  7 electric eels
  2 quasits
  6 lava snakes (Volcano)
  3 bullfrog zombies
  7 crimson imps
  5 centaur zombies
  11 jellies
  A gnoll shaman (D:8)
  6 hounds
  11 orc priests
  2 bullfrog skeletons (D:5)
  7 centaur skeletons
  26 orc wizards
  7 iguanas
  11 worker ants
  A killer bee zombie (D:6)
  2 hound skeletons
  A worker ant zombie (D:10)
  14 gnolls
  A howler monkey skeleton (D:8)
  11 adders
  A river rat (Lair:6)
  3 shadow imps
  12 white imps (Lair:3)
  3 oozes (Lair:6)
  2 adder zombies
  An adder skeleton (D:5)
  5 worms
  7 dart slugs
  7 leopard geckos
  82 orcs
  3 giant cockroaches
  10 goblins
  5 hobgoblins
  14 jackals
  5 quokkas
  6 bats
  4 frilled lizards
  A jackal zombie (D:7)
  6 kobolds
  6 rats
  3 plants (Shoals:2)
1119 creatures vanquished.

Vanquished Creatures (others)
  A deep elf master archer (Elf:3)
  A faun (Shoals:2)
  A basilisk (D:10)
  A porcupine (Lair:6)
  2 ogres
  A bullfrog (D:10)
  A gnoll shaman (D:10)
  A worker ant (D:10)
  A worker ant zombie (D:10)
  An adder (D:10)
  8 fungi
  9 plants
28 creatures vanquished.

Grand Total: 1147 creatures vanquished

Notes
Turn   | Place    | Note
-------+----------+-------------------------------------------
     0 | D:1      | lorenzova the Deep Elf Conjurer began the quest for the Orb.
     0 | D:1      | Reached XP level 1. HP: 10/10 MP: 6/6
   346 | D:1      | Reached XP level 2. HP: 12/15 MP: 5/8
  1036 | D:2      | Reached skill level 5 in Conjurations
  1138 | D:2      | Reached skill level 4 in Spellcasting
  1138 | D:2      | Reached XP level 3. HP: 19/19 MP: 10/10
  1622 | D:2      | Reached XP level 4. HP: 24/24 MP: 12/12
  1628 | D:2      | Learned a level 4 spell: Iskenderun's Mystic Blast
  1871 | D:2      | Found a radiant altar of Vehumet.
  1878 | D:2      | Became a worshipper of Vehumet
  1926 | D:2      | Found a hazy altar of Hepliaklqana.
  2131 | D:3      | Reached skill level 5 in Spellcasting
  2320 | D:3      | Noticed TheWoodenMan's ghost (amateur HEFi)
  2429 | D:3      | Killed TheWoodenMan's ghost
  2429 | D:3      | Reached XP level 5. HP: 28/28 MP: 6/15
  2451 | D:3      | Reached skill level 6 in Spellcasting
  2708 | D:3      | Reached XP level 6. HP: 32/32 MP: 17/17
  2717 | D:3      | Learned a level 5 spell: Iskenderun's Battlesphere
  2879 | D:4      | Reached * piety under Vehumet
  2879 | D:4      | Offered knowledge of Sandblast by Vehumet.
  2917 | D:4      | Found Fesifream's Food Emporium.
  2931 | D:4      | Found Hariykk's Food Boutique.
  2944 | D:4      | Found Reriuto's Antique Armour Emporium.
  3101 | D:4      | Found Ratan's Jewellery Shoppe.
  3110 | D:4      | Reached skill level 1 in Charms
  3374 | D:5      | Entered Level 5 of the Dungeon
  3701 | D:5      | Found a deep blue altar of Sif Muna.
  3881 | D:5      | Reached skill level 7 in Spellcasting
  3881 | D:5      | Reached XP level 7. HP: 36/36 MP: 19/19
  4775 | D:6      | Found a staircase to the Ecumenical Temple.
  4859 | D:6      | Reached skill level 8 in Spellcasting
  4887 | D:6      | Reached XP level 8. HP: 41/41 MP: 5/22
  5309 | D:6      | Reached skill level 9 in Spellcasting
  5311 | D:6      | Reached ** piety under Vehumet
  5315 | D:6      | Offered knowledge of Sting by Vehumet.
  5663 | D:6      | Found a shattered altar of Ashenzari.
  5726 | D:6      | Reached skill level 5 in Charms
  5805 | D:7      | Found a hide-covered altar of Uskayaw.
  5960 | D:7      | Noticed Philosophy's ghost (novice VSFi)
  5963 | D:7      | Killed Philosophy's ghost
  5963 | D:7      | Reached skill level 10 in Spellcasting
  6138 | D:7      | Noticed Duvessa
  6138 | D:7      | Noticed Dowan
  6141 | D:7      | Killed Dowan
  6141 | D:7      | Reached XP level 9. HP: 45/45 MP: 24/25
  6146 | D:7      | Killed Duvessa
  6382 | D:7      | Offered knowledge of Throw Frost by Vehumet.
  6382 | D:7      | Reached skill level 10 in Conjurations
  7081 | D:8      | Reached skill level 11 in Spellcasting
  7123 | D:8      | Found Tatec's Jewellery Boutique.
  7278 | D:4      | Bought a silken robe for 153 gold pieces
  7289 | D:4      | Identified the +1 robe "Suwkidaz" {rC+ rN+} (You bought it in a shop on level 4 of the Dungeon)
  7370 | D:8      | Reached *** piety under Vehumet
  7838 | D:8      | Offered knowledge of Olgreb's Toxic Radiance by Vehumet.
  8357 | D:9      | Reached skill level 12 in Spellcasting
  8361 | D:9      | Reached XP level 10. HP: 50/50 MP: 21/28
  8560 | D:9      | Noticed Pikel
  8574 | D:9      | Killed Pikel
  8738 | D:9      | Found a deep blue altar of Sif Muna.
  8861 | D:9      | Reached skill level 1 in Armour
  9437 | D:10     | Entered Level 10 of the Dungeon
  9564 | D:10     | Identified the Handbook of Dusty Dislocation
  9604 | D:10     | Reached **** piety under Vehumet
  9672 | D:10     | Offered knowledge of Lightning Bolt by Vehumet.
  9679 | D:10     | Learned a level 5 spell: Lightning Bolt
  9825 | D:10     | Reached skill level 13 in Spellcasting
  9858 | D:10     | Noticed Joseph
  9879 | D:10     | Killed Joseph
 10012 | D:10     | Noticed a hill giant
 10019 | D:10     | Killed a hill giant
 10080 | D:10     | Found a shimmering altar of Xom.
 10408 | D:11     | Found Baetuyvy's Book Emporium.
 10441 | D:11     | Reached XP level 11. HP: 45/54 MP: 26/30
 10450 | D:11     | Reached skill level 5 in Armour
 10739 | D:11     | Found a staircase to the Lair.
 10796 | D:11     | Noticed a white ugly thing
 10801 | D:11     | Killed a white ugly thing
 10801 | D:11     | Reached ***** piety under Vehumet
 10876 | D:11     | Offered knowledge of Fireball by Vehumet.
 11883 | D:11     | Learned a level 5 spell: Fireball
 11922 | D:11     | Noticed a hill giant
 11926 | D:11     | Killed a hill giant
 12093 | D:11     | Killed an unseen horror
 12104 | D:11     | Reached skill level 14 in Spellcasting
 12459 | D:11     | Reached skill level 1 in Fire Magic
 12459 | D:11     | Reached skill level 1 in Air Magic
 12539 | Lair:1   | Entered Level 1 of the Lair of Beasts
 12655 | Lair:1   | Found a dark tunnel.
 12664 | Volcano  | Entered a volcano
 12681 | Volcano  | Noticed azzavlup's ghost (journeyman MfIE)
 12684 | Volcano  | Killed azzavlup's ghost
 13303 | Volcano  | Found a radiant altar of Vehumet.
 13303 | Volcano  | Noticed a lindwurm
 13315 | Volcano  | Killed a lindwurm
 13453 | Volcano  | Reached XP level 12. HP: 59/59 MP: 28/32
 14768 | Lair:1   | Gained mutation: You have a pair of small antennae on your head. [potion of beneficial mutation]
 14853 | Lair:2   | Reached skill level 5 in Fire Magic
 14893 | Lair:2   | Reached skill level 5 in Air Magic
 14999 | Lair:2   | Noticed an eight-headed hydra
 15010 | Lair:2   | Killed an eight-headed hydra
 15234 | Lair:2   | Reached skill level 15 in Spellcasting
 15267 | Lair:2   | Found a staircase to the Shoals.
 15792 | Lair:3   | Reached XP level 13. HP: 54/63 MP: 8/34
 15932 | Lair:3   | Found a frozen archway.
 15976 | IceCv    | Entered an ice cave
 16186 | IceCv    | Offered knowledge of Bolt of Draining by Vehumet.
 16830 | IceCv    | Got a flickering ruby amulet
 18313 | Lair:4   | Got a bone long sword
 18314 | Lair:4   | Identified the +8 long sword of the Briny Deep {antimagic, Str+4} (You found it on level 4 of the Lair of Beasts)
 18461 | Lair:4   | Noticed Harold
 18471 | Lair:4   | Killed Harold
 18719 | Lair:4   | Found a hole to the Spider Nest.
 19367 | D:4      | Bought a pair of embroidered gloves for 283 gold pieces
 19854 | Lair:5   | Reached skill level 16 in Spellcasting
 19889 | Lair:5   | Reached skill level 10 in Fire Magic
 20279 | Lair:5   | Reached XP level 14. HP: 55/68 MP: 24/36
 20930 | Lair:6   | Entered Level 6 of the Lair of Beasts
 20961 | Lair:6   | Noticed Josephine
 21386 | Lair:6   | Reached skill level 10 in Air Magic
 21424 | Lair:6   | Found a staircase to the Slime Pits.
 21438 | Lair:6   | Killed Josephine
 21553 | Lair:6   | Identified the amulet "Giask" {Reflect rElec Int+5 SH+3} (You found it in an ice cave)
 22174 | Lair:6   | Offered knowledge of Irradiate by Vehumet.
 22622 | Lair:6   | Reached skill level 17 in Spellcasting
 23236 | D:12     | Reached skill level 15 in Conjurations
 23389 | D:12     | Found a staircase to the Orcish Mines.
 23424 | D:12     | Found Fousicaseu's Antique Armour Emporium.
 24259 | Orc:1    | Entered Level 1 of the Orcish Mines
 24272 | Orc:1    | Noticed Erolcha
 24562 | Orc:1    | Killed Erolcha
 24698 | Orc:2    | Entered Level 2 of the Orcish Mines
 24702 | Orc:2    | Found a staircase to the Elven Halls.
 24916 | Orc:2    | Noticed XO4YCPATb's ghost (journeyman DEIE)
 24919 | Orc:2    | Killed XO4YCPATb's ghost
 24919 | Orc:2    | Reached XP level 15. HP: 72/72 MP: 24/38
 25293 | Orc:2    | Offered knowledge of Conjure Ball Lightning by Vehumet.
 25782 | Orc:1    | Found a shimmering altar of Xom.
 26250 | Orc:2    | Found Jaufucs's Weapon Emporium.
 26250 | Orc:2    | Found Kitwoipy's Weapon Shop.
 26252 | Orc:2    | Found Aniopuz's Distillery.
 26254 | Orc:2    | Found Cijit's Armour Shoppe.
 26258 | Orc:2    | Bought the +0 pair of boots "Tuplateh" {rF+ Int+4} for 403 gold pieces
 26265 | Orc:2    | Bought a potion of heal wounds for 60 gold pieces
 26649 | D:11     | Bought a book of Minor Magic for 340 gold pieces
 26652 | D:11     | Learned a level 2 spell: Repel Missiles
 26655 | D:11     | Learned a level 2 spell: Blink
 26723 | Elf:1    | Entered Level 1 of the Elven Halls
 27458 | Elf:1    | Noticed a deep elf sorcerer
 27464 | Elf:1    | Killed a deep elf sorcerer
 27992 | Elf:1    | Reached skill level 5 in Dodging
 27998 | Elf:1    | Reached skill level 18 in Spellcasting
 28005 | Elf:1    | Reached ****** piety under Vehumet
 28005 | Elf:1    | Offered knowledge of Ozocubu's Refrigeration by Vehumet.
 28138 | Elf:2    | Found Plog's Distillery.
 28329 | Elf:2    | Found a runed gate.
 28329 | Elf:2    | Found a runed gate.
 28329 | Elf:2    | Found a runed gate.
 28404 | Elf:2    | Learned a level 6 spell: Freezing Cloud
 28411 | Elf:2    | Learned a level 6 spell: Bolt of Cold
 28424 | Elf:2    | Bought a potion of magic for 120 gold pieces
 28424 | Elf:2    | Bought a potion of heal wounds for 75 gold pieces
 28424 | Elf:2    | Bought a potion of heal wounds for 75 gold pieces
 28859 | Elf:3    | Entered Level 3 of the Elven Halls
 29129 | Shoals:1 | Entered Level 1 of the Shoals
 29224 | Shoals:1 | Reached skill level 1 in Ice Magic
 29602 | Shoals:1 | Found Dotall's Weapon Shop.
 30030 | Shoals:2 | Reached XP level 16. HP: 76/76 MP: 32/40
 30787 | Shoals:2 | Reached skill level 5 in Ice Magic
 30852 | Shoals:2 | Found Nivo's Assorted Antiques.
 31281 | Shoals:3 | Noticed Jorgrun
 31286 | Shoals:3 | Killed Jorgrun
 31555 | Shoals:3 | Found a flickering gateway to a bazaar.
 31568 | Bazaar   | Entered a bazaar
 31568 | Bazaar   | Found Lagg's Antique Weapon Boutique.
 31575 | Bazaar   | Found Vapuiske's Antique Armour Emporium.
 31583 | Bazaar   | Found Sutusyli's Distillery.
 31606 | Bazaar   | Found Xocoo's Jewellery Shoppe.
 31614 | Bazaar   | Found Ucanneadgh's General Store.
 31674 | Bazaar   | Bought the ring "Ibieblow" {*Corrode rF+++ MR+ Int+6 SInv} for 1342 gold pieces
 31700 | Bazaar   | Bought a potion of heal wounds for 60 gold pieces
 31726 | Shoals:3 | Noticed azzavlup's ghost (adept OgGl)
 32208 | Shoals:2 | Offered knowledge of Delayed Fireball by Vehumet.
 32823 | Shoals:2 | Reached skill level 5 in Stealth
 33134 | Shoals:2 | Identified a scroll of acquirement
 33149 | Shoals:2 | Learned a level 8 spell: Chain Lightning
 33902 | D:13     | Found a viscous altar of Jiyva.
 34352 | D:13     | Reached skill level 19 in Spellcasting
 34494 | D:13     | Found a gate to the Vaults.
 35001 | D:14     | Offered knowledge of Orb of Destruction by Vehumet.
 35473 | D:14     | Reached XP level 17. HP: 74/80 MP: 42/42
 35551 | D:14     | Found a glowing golden altar of the Shining One.
 36267 | D:15     | Entered Level 15 of the Dungeon
 36330 | D:15     | Found a labyrinth entrance.
 36339 | Lab      | Entered a labyrinth
 37390 | Lab      | Got a faintly glowing graven amulet
 38117 | D:15     | Found a staircase to the Depths.
 38140 | D:15     | Identified the amulet "Veamnep" {Gourm Stlth+} (You took it off a minotaur in a labyrinth)
 40361 | Elf:3    | Offered knowledge of Fire Storm by Vehumet.
 40361 | Elf:3    | Offered knowledge of Shatter by Vehumet.
 40361 | Elf:3    | Offered knowledge of Tornado by Vehumet.
 40365 | Elf:3    | Noticed a deep elf blademaster
 40367 | Elf:3    | Killed a deep elf blademaster
 40622 | Lair:1   | Learned a level 4 spell: Passage of Golubria
 40851 | Elf:3    | Reached skill level 1 in Shields
 40859 | Elf:3    | Noticed a deep elf blademaster
 40861 | Elf:3    | Noticed a deep elf master archer
 40998 | Elf:3    | Killed a deep elf blademaster
 40999 | Elf:3    | Killed a deep elf master archer
 40999 | Elf:3    | Reached skill level 20 in Spellcasting
 40999 | Elf:3    | Reached skill level 1 in Translocations
 41074 | Elf:3    | Noticed a deep elf master archer
 41083 | Elf:3    | Killed a deep elf master archer
 41083 | Elf:3    | Reached XP level 18. HP: 82/85 MP: 27/44
 41290 | Elf:3    | Got a scorched amber ring
 41292 | Elf:3    | Got a vibrating lapis lazuli ring
 41299 | Elf:3    | Got faintly humming steam dragon scales
 41355 | Elf:3    | Identified the +4 steam dragon scales "Qaevorok" {Int+2} (You took it off a deep elf demonologist on level 3 of the Elven Halls)
 41365 | Elf:3    | Learned a level 9 spell: Fire Storm
 41411 | Elf:3    | Identified the ring "Baelysh" {*Contam +Blink rF+ Str+6 SInv} (You took it off a deep elf annihilator on level 3 of the Elven Halls)
 41693 | Elf:3    | Identified the ring "Hihak" {Str+4 Stlth+} (You took it off a deep elf demonologist on level 3 of the Elven Halls)
 41895 | Elf:3    | Got a bound marble ring
 41940 | Elf:3    | Identified the ring of Qepniptu {rN+ Int+3 SInv} (You found it on level 3 of the Elven Halls)
 42891 | Spider:1 | Entered Level 1 of the Spider Nest
 44757 | Spider:2 | Slain by a tarantella

Skill      XL: |  1  2  3  4  5  6  7  8  9 10 11 12 13 14 15 16 17 18 |
---------------+-------------------------------------------------------+-----
Conjurations   | 5 6 7 8 9 11 12 13 14 15 16 17 18 | 18.1
Spellcasting   | 4 5 6 7 8 10 12 13 14 15 16 17 18 19 20 | 20.7
Charms         | 2 4 6 8 |  8.5
Armour         | 4 7 |  7.0
Fire Magic     | 3 7 10 11 12 13 | 13.8
Air Magic      | 3 7 9 11 12 14 | 14.4
Dodging        | 7 8 |  8.3
Ice Magic      | 3 7 |  7.0
Stealth        | 5 |  5.2
Shields        | 4 |  4.1
Translocations | 1 2 |  2.5

Action                   |  1- 3 |  4- 6 |  7- 9 | 10-12 | 13-15 | 16-18 || total
-------------------------+-------+-------+-------+-------+-------+-------++-------
Melee: War axe           |       |       |     7 |     5 |     3 |       ||    15
 Cast: Magic Dart        |    75 |   113 |   210 |   299 |   464 |   294 ||  1455
       Iskenderun's Myst |       |    13 |    38 |    71 |   207 |   226 ||   555
       Iskenderun's Batt |       |       |    28 |    83 |   141 |   119 ||   371
       Lightning Bolt    |       |       |       |     7 |    11 |       ||    18
       Fireball          |       |       |       |    10 |    73 |     9 ||    92
       Bolt of Cold      |       |       |       |       |     3 |    43 ||    46
       Freezing Cloud    |       |       |       |       |     3 |    25 ||    28
       Repel Missiles    |       |       |       |       |     2 |     5 ||     7
       Blink             |       |       |       |       |     1 |     1 ||     2
       Chain Lightning   |       |       |       |       |       |    51 ||    51
       Passage of Golubr |       |       |       |       |       |     6 ||     6
Evoke: Wand              |       |       |       |       |       |     5 ||     5
  Use: Scroll            |       |     1 |     3 |    15 |    16 |    12 ||    47
       Potion            |       |       |       |     2 |     4 |     3 ||     9
  Eat: Chunk             |     2 |     7 |    21 |    24 |    29 |    17 ||   100
       Fruit             |       |       |     1 |     1 |     6 |       ||     8
       Beef jerky        |       |       |       |     2 |       |       ||     2
       Royal jelly       |       |       |       |       |     2 |       ||     2
       Meat ration       |       |       |       |       |     1 |     4 ||     5
       Pizza             |       |       |       |       |       |     1 ||     1
       Bread ration      |       |       |       |       |       |     1 ||     1
Armor: Robe              |     2 |     2 |     3 |       |     2 |       ||     9
       Ring mail         |       |       |       |     4 |     6 |    19 ||    29
       Leather armour    |       |       |       |    18 |    17 |    16 ||    51
       Steam dragon scal |       |       |       |       |       |     1 ||     1
Dodge: Dodged            |     5 |    19 |    34 |    46 |    90 |    79 ||   273
       Deflected         |       |       |       |       |     2 |    37 ||    39
Block: Other             |       |       |       |       |    12 |    11 ||    23
       Reflection        |       |       |       |       |     4 |     8 ||    12
       Buckler           |       |       |       |       |       |    17 ||    17
